 Dungeon Crawl Stone Soup version 0.28.0-53-g5a82cb258f (webtiles) character file.

Game seed: 3043272598997402339

321 Sin92 the Skirmisher (level 6, -12/48 HPs)
             Began as a Demonspawn Fighter on July 25, 2022.
             Killed from afar by a goblin (23 damage)
             ... with a bolt of acid
             ... on level 4 of the Dungeon.
             The game lasted 00:08:54 (3156 turns).

Sin92 the Skirmisher (Demonspawn Fighter)           Turns: 3156, Time: 00:08:55

Health: -12/48     AC: 13    Str: 19    XL:     6   Next: 22%
Magic:  6/6        EV:  5    Int:  9    God:
Gold:   169        SH:  4    Dex: 12    Spells: 5/5 levels left

rFire   . . .      SeeInvis .   h - +4 whip
rCold   . . .      Faith    .   c - +0 buckler
rNeg    . . .      Spirit   .   p - +0 plate armour
rPois   .          Reflect  .   (no helmet)
rElec   .          Harm     .   j - scarf {+Inv}
rCorr   .          Rampage  .   (no gloves)
Will    +....                   (no boots)
Stlth   ..........              (no amulet)
HPRegen 0.16/turn               g - ring of willpower
MPRegen 0.20/turn               (no ring)

@: no status effects
A: hooves 1, slimy green scales 1, magic regeneration
a: Evoke Invisibility


You were on level 4 of the Dungeon.
You visited 1 branch of the dungeon, and saw 4 of its levels.

You collected 169 gold pieces.

Inventory:

Hand Weapons
 a - a +0 war axe
 e - a +0 vorpal hand axe
 h - a +4 whip (weapon)
Armour
 b - a +0 scale mail
 c - a +0 buckler (worn)
 j - a scarf of invisibility (worn)
 p - a +0 plate armour (worn)
Jewellery
 g - a ring of willpower (left hand)
Wands
 o - a wand of charming (5)
Scrolls
 i - 3 scrolls of identify {unknown}
 n - 2 scrolls of teleportation
 q - a scroll of torment {unknown}
 r - a scroll of summoning {unknown}
Potions
 d - a potion of might
 f - 2 potions of heal wounds {unknown}
 k - a potion of curing
 l - 2 potions of degeneration {unknown}
 m - 2 potions of resistance {unknown}


   Skills:
 + Level 3.8 Fighting
 - Level 2.3(3.0) Axes
 * Level 2.8(3.2) Maces & Flails
 + Level 3.5 Armour
 + Level 2.0 Dodging
 + Level 3.4 Shields


You had 5 spell levels left.
You didn't know any spells.
Your spell library contained the following spells:

 Spells                   Type           Power      Damage    Failure   Level
 Foxfire                  Conj/Fire      0%         2x1d4     100%        1
 Ensorcelled Hibernation  Hex/Ice        0%         N/A       100%        2
 Conjure Flame            Conj/Fire      0%         6-21      100%        3
 Gell's Gravitas          Tloc           0%         N/A       100%        3
 Lesser Beckoning         Tloc           0%         N/A       100%        3
 Spider Form              Tmut/Pois      0%         N/A       100%        3
 Summon Guardian Golem    Hex/Summ       0%         N/A       100%        3
 Teleport Other           Tloc           0%         N/A       100%        3
 Anguish                  Hex/Necr       0%         N/A       100%        4
 Orb of Destruction       Conj           0%         9d5       100%        7
 Spellforged Servitor     Conj/Summ      0%         N/A       100%        7
 Ignition                 Fire           0%         3d3       100%        8


Dungeon Overview and Level Annotations

Branches:
Dungeon (4/15)
 Temple: D:4-7

Altars:
Elyvilon


Innate Abilities, Weirdness & Mutations

You have large cloven feet.
You are partially covered in slimy green scales. (AC +2)
You regenerate magic rapidly.


Message History

You whack the ball python!
You kill the ball python!
No target in view!
You see here a +0 ring mail.
Found 10 arrows.
You pick up a book of Dangerous Friends and begin reading...
You add the spells Summon Guardian Golem, Orb of Destruction and Spellforged Servitor to your library.
You see here 10 arrows.
Key pressed, stopping explore.
No target in view!
No target in view!
Found a stone staircase leading up.
No target in view!
Found a stone staircase leading down.
No target in view!
A goblin comes into view.
It is wielding a +0 dagger and carrying a wand of acid (11).
The goblin shouts!
The goblin throws a stone.
The stone hits you but does no damage.
A goblin is nearby!
The goblin zaps a wand.
The bolt of acid hits you!!
A goblin is nearby!
A quokka comes into view.
There are monsters nearby!
The goblin zaps a wand.
The bolt of acid hits you!
* * * LOW HITPOINT WARNING * * *
There are monsters nearby!
You are too injured to fight recklessly!
Unknown command.
You are too injured to fight recklessly!
Unknown command.
You are too injured to fight recklessly!
Unknown command.
You are too injured to fight recklessly!
You closely miss the goblin. You kick the goblin.
The goblin is heavily wounded.
The goblin hits you but does no damage.
You completely miss the goblin.
The goblin is heavily wounded.
The goblin zaps a wand.
The bolt of acid hits you!!
You die...

♣. #.#.#.# #########
#.#####.#.# ........ #
#..# #.#.#
......##.#.####..####.#.#
...[............>.....#.#
......## #.......######.#
......##+######...# #.#
#####......####...# #.#
#...........@.## #.#
#......#####gr.# #.#
#......# #...## #.#
#......# #†...# #(#
#......# #....# #.#
#......#####.#..# #.#
#............#..###.#
#.(..........'...[..#
#######......#...####


You could see a quokka and a goblin.

Vanquished Creatures
  A water moccasin skeleton (D:3)
  An orc priest (D:3)
  An iguana (D:4)
  Natasha (thrice) (D:2)
  3 adders
  3 worms
  4 dart slugs
  12 orcs
  7 endoplasms
  2 giant cockroaches
  3 goblins (D:2)
  5 hobgoblins
  15 jackals
  2 quokkas
  6 ball pythons
  4 bats
  4 frilled lizards
  8 kobolds
  10 rats
94 creatures vanquished.

Vanquished Creatures (others)
  A plant (D:2)
1 creature vanquished.

Grand Total: 95 creatures vanquished

Notes
Turn   | Place    | Note
-------+----------+-------------------------------------------
     0 | D:1      | Sin92 the Demonspawn Fighter began the quest for the Orb.
     0 | D:1      | Reached XP level 1. HP: 18/18 MP: 1/1
   190 | D:1      | Gained mutation: You are partially covered in slimy green
                  | scales. (AC +2) [demonic ancestry]
   190 | D:1      | Reached XP level 2. HP: 24/24 MP: 2/2
   663 | D:1      | Gained mutation: You have large cloven feet. [demonic
                  | ancestry]
   663 | D:1      | Reached XP level 3. HP: 29/29 MP: 3/3
   920 | D:1      | Found a faded altar of an unknown god.
  1411 | D:2      | Reached skill level 1 in Maces & Flails
  1428 | D:2      | Reached skill level 1 in Dodging
  1431 | D:2      | Noticed Natasha
  1438 | D:2      | Killed Natasha
  1439 | D:2      | Reached XP level 4. HP: 35/35 MP: 4/4
  1448 | D:2      | Got Inlyruh's Compendium of Fire
  1504 | D:2      | Noticed Natasha
  1513 | D:2      | Killed Natasha
  1525 | D:2      | Noticed Natasha
  1532 | D:2      | Killed Natasha
  1723 | D:2      | Gained mutation: You regenerate magic rapidly. [demonic
                  | ancestry]
  1723 | D:2      | Reached XP level 5. HP: 29/41 MP: 5/5
  2901 | D:4      | Reached XP level 6. HP: 39/48 MP: 6/6
  3049 | D:4      | Identified the +0 robe of Fogodyxi {*Slow rPois Regen+}
  3156 | D:4      | Killed from afar by a goblin

Illustrated notes

Levels and vault maps discovered:
D:1:      scummos_arrival_forest, layout_loops_ring,
          dilly_ecumenical_altar_fadedgnrine
D:2:      layout_loops_cross, serial_bayou_pond_a, minmay_quadrilaterals,
          uniq_natasha
D:3:      layout_loops_ring, elyvilon_altar_5, minmay_misc_feat_four_crosses,
          chequers_serial_rivers_micro_a
D:4:      layout_basic, minmay_tree_intersection

Skill      XL: |  1  2  3  4  5 |
---------------+----------------+-----
Axes           | 2 |  2.3
Armour         | 3 |  3.5
Maces & Flails | 1 2 |  2.8
Dodging        | 1 2 |  2.0
Shields        | 3 |  3.4
Fighting       | |  3.8

Action                   |  1- 3 |  4- 6 || total
-------------------------+-------+-------++-------
Melee: Hand axe          |    19 |       ||    19
       War axe           |     2 |       ||     2
       Whip              |   108 |   131 ||   239
       Kick              |     9 |    32 ||    41
  Use: Scroll            |     3 |     1 ||     4
       Potion            |       |     1 ||     1
Armor: Scale mail        |    64 |    26 ||    90
       Plate armour      |       |    29 ||    29
Dodge: Dodged            |    67 |    49 ||   116
Block: Buckler           |    24 |    27 ||    51
